 Dungeon Crawl Stone Soup version 0.31-a0-210-gccc998df9b (webtiles) character file.

Game seed: 1281504074410206084

54 qw the Shooter (level 3, 0/21 HPs)
             Began as a Gargoyle Hexslinger on June 29, 2023.
             Slain by a worm (2 damage)
             ... on level 2 of the Dungeon.
             The game lasted 00:00:34 (1314 turns).

qw the Shooter (Gargoyle Hexslinger)                Turns: 1314, Time: 00:00:34

Health: 0/21       AC:  8    Str: 11    XL:     3   Next: 91%
Magic:  4/4        EV: 10    Int: 13    God:
Gold:   44         SH:  0    Dex: 14    Spells: 3/4 levels left

rFire   . . .        Y - +1 sling
rCold   . . .        (no shield)
rNeg    + . .        d - +0 ring mail
rPois   inf          (no helmet)
rElec   +            (no cloak)
rCorr   .            (no gloves)
SInv    .            (no boots)
Will    .....        (no amulet)
Stlth   +            (no ring)
HPRegen 0.23/turn    (no ring)
MPRegen 0.09/turn

%: no passive effects
@: no status effects
A: sickness immunity, AC +3, negative energy resistance 1, electricity
resistance, torment resistance 1, petrification resistance
a: no special abilities


You were on level 2 of the Dungeon.
You visited 1 branch of the dungeon, and saw 2 of its levels.

You collected 67 gold pieces.
You spent 23 gold pieces at shops.


Innate Abilities, Weirdness & Mutations

You are immune to sickness and miasma.
Your stone body is resilient. (AC +3)
You are immune to poison.
You resist negative energy. (rN+)
You are resistant to electric shocks. (rElec)
You are resistant to unholy torment.
You are immune to petrification.


   Skills:
 - Level 2.1 Fighting
 + Level 3.7 Ranged Weapons
 - Level 1.5 Dodging
 - Level 1.0 Spellcasting
 - Level 2.6 Hexes


You had 3 spell levels left.
You knew the following spells:

 Your Spells              Type           Power      Damage    Failure   Level
a - Slow                  Hex            28%        N/A       22%         1

Your spell library contained the following spells:

 Spells                   Type           Power      Damage    Failure   Level
 Inner Flame              Hex/Fire       4%         N/A       75%         3
 Portal Projectile        Hex/Tloc       8%         N/A       75%         3
 Cause Fear               Hex            3%         N/A       92%         4

Inventory:

Hand Weapons
 Y - a +1 sling (weapon)
Armour
 a - a +0 helmet
 d - a +0 ring mail (worn)
 g - a +0 helmet of see invisible
Scrolls
 b - a scroll of identify {unknown}
Potions
 c - a potion of lignification {unknown}
 e - 2 potions of ambrosia {unknown}
 f - a potion of mutation {unknown}
 h - a potion of might {unknown}
 j - a potion of haste {unknown}
 k - a potion of curing {unknown}

Dungeon Overview and Level Annotations

Branches:
Dungeon (2/15)

Altars:

Shops:
D:2 =*


Message History

You shoot a sling bullet.
The sling bullet barely misses the worm.
The worm bites you but does no damage.
You shoot a sling bullet. The sling bullet hits the worm.
The worm is severely wounded.
The worm closely misses you.
You shoot a sling bullet. The sling bullet hits the worm.
The worm is almost dead.
The worm closely misses you.
You shoot a sling bullet. The sling bullet hits the worm.
The worm is almost dead.
The worm bites you.
You shoot a sling bullet.
The sling bullet barely misses the worm.
You shoot a sling bullet.
The sling bullet barely misses the worm.
The worm bites you!
You shoot a sling bullet.
The sling bullet barely misses the worm.
The worm bites you.
You shoot a sling bullet.
The sling bullet hits the worm but does no damage.
The worm is almost dead.
The worm bites you but does no damage.
You shoot a sling bullet.
The sling bullet hits the worm but does no damage.
The worm is severely wounded.
The worm bites you.
You shoot a sling bullet.
The sling bullet barely misses the worm.
You shoot a sling bullet.
The sling bullet barely misses the worm.
The worm completely misses you.
You shoot a sling bullet. The sling bullet hits the worm.
The worm is almost dead.
The worm bites you.
You shoot a sling bullet. The sling bullet hits the worm.
The worm is almost dead.
The worm bites you.
You die...

##.### #.........# ...#
####.###### .### #####
#.# ..####...#####.#
#..............#
.........#####.#
#####.......#### ######.
##.......##...###.......
...###...####...@.......
#####....# #####w......
#....# ....... #....#
....... #....# .......
...... <...... .......
####### .........


You could see a worm.

Vanquished Creatures
  An adder (D:2)
  A worm (D:2)
  2 dart slugs (D:2)
  2 ball pythons (D:1)
  2 bats
  4 endoplasms
  3 giant cockroaches (D:1)
  7 goblins
  5 hobgoblins
  3 quokkas (D:2)
  3 rats (D:1)
33 creatures vanquished.

Notes
Turn   | Place    | Note
-------+----------+-------------------------------------------
     0 | D:1      | qw the Gargoyle Hexslinger began the quest for the Orb.
     0 | D:1      | Reached XP level 1. HP: 12/12 MP: 2/2
     0 | D:1      | 0 ||| qw: Version: 0.3-a-24-ga2abf7b
     0 | D:1      | 0 ||| qw: Game counter: 6837
     0 | D:1      | 0 ||| qw: Melee chars always use a shield: true
     0 | D:1      | 0 ||| qw: God list: Okawaru
     0 | D:1      | 0 ||| qw: Allow faded altars: false
     0 | D:1      | 0 ||| qw: Do Orc after clearing Dungeon:15 true
     0 | D:1      | 0 ||| qw: Do second Lair branch before Depths: true
     0 | D:1      | 0 ||| qw: Lair rune preference: random
     0 | D:1      | 0 ||| qw: Goals: Normal
     0 | D:1      | 0 ||| PLANNING D:1-11
    90 | D:1      | HP: 3/12 [goblin/+0 club (3)]
   106 | D:1      | 106 ||| FLEEEEING.
   152 | D:1      | Found a faded altar of an unknown god.
   199 | D:1      | Reached XP level 2. HP: 16/16 MP: 3/3
   256 | D:1      | Reached skill level 3 in Ranged Weapons
   650 | D:1      | 650 ||| UPGRADING to +0 ring mail.
   660 | D:1      | 660 ||| DROPPING +0 robe.
   661 | D:1      | 661 ||| READING scroll labelled HUXTUS HINA.
   681 | D:1      | Reached XP level 3. HP: 21/21 MP: 4/4
   781 | D:1      | 781 ||| READING scroll labelled EQEHEFR TOVEN.
   782 | D:1      | 782 ||| READING scroll labelled TURCHA UDENU.
   785 | D:1      | 785 ||| DRINKING 3 fuming yellow potions.
   786 | D:1      | 786 ||| DROPPING scroll of poison.
   787 | D:1      | 787 ||| DROPPING 2 potions of brilliance.
  1078 | D:2      | Found Kituneqe's Jewellery Shoppe.
  1083 | D:2      | 1083 ||| SHOPLISTING +4 ring of protection (504 gold, have
                  | 40).
  1083 | D:2      | 1083 ||| SHOPLISTING amulet of regeneration (420 gold, have
                  | 40).
  1083 | D:2      | 1083 ||| SHOPLISTING ring of fire (350 gold, have 40).
  1083 | D:2      | 1083 ||| SHOPLISTING ring of positive energy (280 gold,
                  | have 40).
  1083 | D:2      | 1083 ||| SHOPLISTING ring of protection from fire (350
                  | gold, have 40).
  1083 | D:2      | 1083 ||| SHOPLISTING ring of resist corrosion (280 gold,
                  | have 40).
  1163 | D:2      | Found Ogid's Assorted Antiques.
  1166 | D:2      | 1166 ||| BUYING cyan potion (23 gold).
  1166 | D:2      | Bought a cyan potion for 23 gold pieces
  1166 | D:2      | 1166 ||| SHOPLISTING glowing leather armour (130 gold, have
                  | 29).
  1166 | D:2      | 1166 ||| SHOPLISTING orcbow (91 gold, have 29).
  1166 | D:2      | 1166 ||| SHOPLISTING scroll of teleportation (78 gold, have
                  | 29).
  1307 | D:2      | HP: 5/21 [worm (7)]
  1313 | D:2      | HP: 2/21 [worm (3)]
  1314 | D:2      | Slain by a worm

Levels and vault maps discovered:
D:1:      minmay_arrival_widening_spiral_wide, layout_basic,
          hellmonk_ecumenical_altar_lost_god
D:2:      layout_rooms, serial_shops, nicolae_shop_tiny_real_fake_doors,
          nicolae_shop_waterfront, st_stairs_2

Skill      XL: |  1  2  3 |
---------------+----------+-----
Ranged Weapons | 3 |  3.7
Fighting       | 2 |  2.1
Dodging        | |  1.5
Spellcasting   | |  1.0
Hexes          | |  2.6

Action                     || total
---------------------------++-------
   Fire: Sling             ||   125
    Use: Scroll            ||     3
         Potion            ||     1
 Armour: Robe              ||     3
         Ring mail         ||    10
  Dodge: Dodged            ||    23

Table legend:
 A = Non-vault XP
 B = Vault XP
 C = Vault XP percentage of total XP
 D = Non-vault monster count
 E = Vault monster count
 F = Vault count percentage of total count
                 A         B        C        D         E       F
            +---------+---------+-------+---------+---------+-------
      Total |      78 |       0 |   0.0 |      33 |       0 |   0.0
            +---------+---------+-------+---------+---------+-------
        D:1 |      34 |       0 |   0.0 |      19 |       0 |   0.0
        D:2 |      44 |       0 |   0.0 |      14 |       0 |   0.0
            +---------+---------+-------+---------+---------+-------
